 Dungeon Crawl Stone Soup version 0.28.0-62-gf88900778d (webtiles) character file.

Game seed: 17191468760366708825

58 cbfl8 the Skirmisher (level 3, -5/33 HPs)
             Began as a Minotaur Fighter on July 5, 2023.
             Slain by Terence
             ... wielding a +0 flail
              (7 damage)
             ... on level 2 of the Dungeon.
             The game lasted 00:01:02 (1040 turns).

cbfl8 the Skirmisher (Minotaur Fighter)             Turns: 1040, Time: 00:01:03

Health: -5/33      AC:  7    Str: 19 (20) XL:     3   Next: 76%
Magic:  2/2        EV:  9    Int:  3 (5)  God:
Gold:   59         SH:  4    Dex: 10 (11) Spells: 2/2 levels left

rFire   . . .      SeeInvis .   a - +0 war axe
rCold   . . .      Faith    .   c - +0 buckler
rNeg    . . .      Spirit   .   b - +0 scale mail
rPois   .          Reflect  .   (helmet restricted)
rElec   .          Harm     .   (no cloak)
rCorr   .          Rampage  .   (no gloves)
Will    .....                   (no boots)
Stlth   ..........              (no amulet)
HPRegen 0.11/turn               (no ring)
MPRegen 0.08/turn               (no ring)

@: brilliant
A: horns 2, retaliatory headbutt
a: no special abilities


You were on level 2 of the Dungeon.
You visited 1 branch of the dungeon, and saw 2 of its levels.

You collected 59 gold pieces.

Inventory:

Hand Weapons
 a - a +0 war axe (weapon)
Armour
 b - a +0 scale mail (worn)
 c - a +0 buckler (worn)
Scrolls
 f - a scroll of identify {unknown}
 h - a scroll of teleportation {unknown}
 i - a scroll of enchant weapon {unknown}
 j - a scroll of magic mapping {unknown}
Potions
 d - a potion of might


   Skills:
 + Level 4.0 Fighting
 + Level 3.0 Axes
 * Level 1.3 Throwing
 + Level 3.7 Armour
 + Level 0.8 Dodging
 + Level 3.9 Shields
 * Level 1.3 Evocations


You had 2 spell levels left.
You didn't know any spells.
Your spell library was empty.

Dungeon Overview and Level Annotations

Branches:
Dungeon (2/15)

Altars:

Shops:
D:1 =

Annotations:
D:2 Terence


Innate Abilities, Weirdness & Mutations

You have a pair of horns on your head.
You reflexively headbutt those who attack you in melee.


Message History

You kill the bat!
You now have 59 gold pieces (gained 12).
Terence the Incautious comes into view.
He is wielding a +0 flail.
Terence shouts!
Terence says, "You're history."
Terence is nearby!
Terence is nearby!
Terence screams, "I'm going to kill you!"
Terence hits you with a +0 flail!
Terence is nearby!
You barely miss Terence. Your headbutt misses Terence.
Terence hits you with a +0 flail.
Terence is nearby!
You barely miss Terence. You block Terence's attack.
You hit Terence.
Terence is lightly wounded.
Terence closely misses you. Terence hits you but does no damage.
You hit Terence. Your headbutt misses Terence.
Terence is lightly wounded.
Terence hits you but does no damage.
You hit Terence but do no damage.
Terence is lightly wounded.
You block Terence's attack.
You hit Terence.
Terence is moderately wounded.
Terence hits you with a +0 flail. Terence hits you with a +0 flail!
You are too injured to fight recklessly!
You are too injured to fight recklessly!
You closely miss Terence.
Terence is moderately wounded.
Terence hits you with a +0 flail!
* * * LOW HITPOINT WARNING * * *
It was a potion of brilliance.
You feel clever all of a sudden. Terence barely misses you.
You furiously retaliate!
You headbutt Terence!
It was a potion of degeneration.
There was something very wrong with that liquid.
You feel weakened.
You feel dopey.
You feel clumsy. Terence hits you with a +0 flail!
You die...

##............. ..
.............. ...
###............ ....
.#.............. .....#
...#.......!.... )......
................ ......>
........................
#.###...@.........#......
#.###...@......##.#......
#..............##...###.#
.........####.........†.#
..#...............###..#..
..#............##..##....)
.........)................
.................#........
.............†...##..####.
.............######### ##


You could see Terence.

Vanquished Creatures
  2 adders (D:2)
  A dart slug (D:1)
  5 ball pythons
  9 bats
  4 endoplasms
  3 giant cockroaches (D:1)
  A hobgoblin (D:1)
  3 jackals (D:1)
  2 quokkas (D:1)
  A frilled lizard (D:1)
  2 goblins (D:1)
  A kobold (D:1)
  2 rats (D:1)
36 creatures vanquished.

Vanquished Creatures (others)
  A fungus (D:1)
  4 plants (D:1)
5 creatures vanquished.

Grand Total: 41 creatures vanquished

Notes
Turn   | Place    | Note
-------+----------+-------------------------------------------
     0 | D:1      | cbfl8 the Minotaur Fighter began the quest for the Orb.
     0 | D:1      | Reached XP level 1. HP: 19/19 MP: 0/0
   212 | D:1      | Found Gahog's One-of-a-Kind Rings.
   353 | D:1      | Reached skill level 1 in Throwing
   353 | D:1      | Reached XP level 2. HP: 17/27 MP: 1/1
   461 | D:1      | Found a faded altar of an unknown god.
   549 | D:1      | Reached skill level 1 in Evocations
   814 | D:1      | Reached XP level 3. HP: 33/33 MP: 2/2
   957 | D:2      | Reached skill level 4 in Fighting
  1026 | D:2      | Noticed Terence
  1036 | D:2      | HP: 1/33 [Terence/+0 flail (9)]
  1040 | D:2      | Slain by Terence

Illustrated notes

Levels and vault maps discovered:
D:1:      minmay_arrival_widening_spiral_narrow, layout_basic,
          shapermc_ecumenical_altar_mp_urbaneastern, nicolae_shop_unique_rings
D:2:      layout_rooms, uniq_crazy_yiuf_cottage, uniq_terence

Skill      XL: |  1  2  3 |
---------------+----------+-----
Throwing       | 1 |  1.3
Evocations     | 1 |  1.3
Fighting       | 4 |  4.0
Axes           | 3 |  3.0
Armour         | |  3.7
Dodging        | |  0.8
Shields        | |  3.9

Action                   || total
-------------------------++-------
Melee: War axe           ||    80
       Headbutt          ||     3
  Use: Potion            ||     2
Armor: Scale mail        ||    49
Dodge: Dodged            ||    48
Block: Buckler           ||    33
